 Dungeon Crawl Stone Soup version 0.23.2-40-g277498a001 (webtiles) character file.

Game seed: 14668778394979414880

249 Marnok the Shield-Bearer (level 5, -3/47 HPs)
             Began as a Minotaur Fighter on Oct 5, 2019.
             Slain by an adder (4 damage)
             ... on level 4 of the Dungeon.
             The game lasted 00:07:00 (1704 turns).

Marnok the Shield-Bearer (Minotaur Fighter)         Turns: 1704, Time: 00:07:00

Health: -3/47      AC:  7    Str: 20 (22) XL:     5   Next: 86%
Magic:  4/4        EV:  8    Int:  4 (5)  God:
Gold:   125        SH:  9    Dex:  8 (9)  Spells: 4/4 levels left

rFire    . . .     SeeInvis .   e - +5 dagger
rCold    . . .     Gourm    .   c - +0 shield
rNeg     . . .     Faith    .   b - +0 scale mail
rPois    .         Spirit   .   (helmet restricted)
rElec    .         Reflect  .   (no cloak)
rCorr    .         Harm     .   (no gloves)
MR       .....                  (no boots)
Stlth    ..........             (no amulet)
HPRegen  0.15/turn              (no ring)
MPRegen  0.09/turn              (no ring)

@: no status effects
A: retaliatory headbutt, horns 2
a: no special abilities


You were on level 4 of the Dungeon.
You were hungry.

You visited 1 branch of the dungeon, and saw 5 of its levels.

You collected 125 gold pieces.

Inventory:

Hand Weapons
 a - a +0 long sword
 e - a +5 dagger (weapon)
 h - a +0 dagger of venom
 k - a +1 dagger of freezing
Armour
 b - a +0 scale mail (worn)
 c - a +0 shield (worn)
Scrolls
 g - 2 scrolls of identify
 l - a scroll of fear {unknown}
 n - a scroll of immolation
 r - a scroll of amnesia
 s - a scroll of teleportation {unknown}
Potions
 d - 2 potions of might
 j - 2 potions of agility
Comestibles
 f - 6 rations


   Skills:
 + Level 4.6 Fighting
 + Level 3.0(3.5) Short Blades
 + Level 2.7(3.5) Long Blades
 + Level 4.4 Armour
 + Level 1.1 Dodging
 + Level 5.5 Shields


You had 4 spell levels left.
You didn't know any spells.
Your spell library was empty.

Dungeon Overview and Level Annotations

Branches:
Dungeon (5/15)
 Temple: D:4-7

Altars:
Uskayaw


Innate Abilities, Weirdness & Mutations

You reflexively headbutt those who attack you in melee.
You have a pair of horns on your head.


Message History

You speak a Word of immense power!
It was a scroll of holy word.
The adder bites you but does no damage. x2; You block the adder's attack.
The ogre hits you with a +0 giant club.
* * * LOW HITPOINT WARNING * * *
The adder completely misses you.
As you read the scroll labeled JEMOBI VUAFUY, it crumbles to dust.
It is a scroll of amnesia.
You feel forgetful for a moment. The adder bites you but does no damage.
The adder barely misses you. You furiously retaliate!
You headbutt the adder. The adder barely misses you.
As you read the scroll labeled ZISUXURYG, it crumbles to dust.
It is a scroll of enchant weapon.
Your +4 dagger glows red for a moment.
The adder bites you but does no damage. The ogre closely misses you.
You block the adder's attack. x2
The adder barely misses you.
As you read the scroll labeled KIETZAT DAISU, it crumbles to dust.
It is a scroll of identify.
n - a scroll of immolation The adder bites you.
You die...

#### ... ####.##
#..##...##..#..
#...##.##...#.#
##...#.#...##.# . ..
##.)#.#รท.##..####.#
....###...###........
...S....8............
....###S..###...####.##
.. #S@#.#'.##..# #..#
#.SO#.#..[##.# #...
#...##.##[).#.# #..#
#$.# ...##..#.# #..#
### ....####.# #..#
..........####..#
##...............
#############..#
#####..#


You could see an ogre and 3 adders.

Vanquished Creatures
  2 hounds (D:4)
  An orc wizard (D:4)
  2 worker ants (D:4)
  A gnoll (D:4)
  2 adders (D:2)
  An adder skeleton (D:4)
  A dart slug (D:1)
  3 worms
  5 leopard geckos
  2 orcs (D:4)
  5 bats
  2 giant cockroaches
  12 goblins
  4 hobgoblins
  4 jackals
  9 kobolds
  5 frilled lizards
  A jackal skeleton (D:4)
  A leopard gecko skeleton (D:2)
  8 rats
71 creatures vanquished.

Vanquished Creatures (others)
  A kobold (D:1)
1 creature vanquished.

Grand Total: 72 creatures vanquished

Notes
Turn   | Place    | Note
-------+----------+-------------------------------------------
     0 | D:1      | Marnok the Minotaur Fighter began the quest for the Orb.
     0 | D:1      | Reached XP level 1. HP: 19/19 MP: 0/0
   125 | D:1      | Reached XP level 2. HP: 27/27 MP: 1/1
   221 | D:1      | Reached skill level 4 in Shields
   382 | D:1      | Reached XP level 3. HP: 27/33 MP: 2/2
   994 | D:2      | Reached skill level 1 in Short Blades
  1003 | D:2      | Reached XP level 4. HP: 41/41 MP: 3/3
  1121 | D:2      | Found a hide-covered altar of Uskayaw.
  1198 | D:2      | You fall through a shaft for 2 floors!
  1231 | D:5      | Entered Level 5 of the Dungeon
  1330 | D:4      | Reached skill level 5 in Shields
  1330 | D:4      | Reached XP level 5. HP: 37/47 MP: 4/4
  1405 | D:4      | Reached skill level 1 in Dodging
  1697 | D:4      | Noticed an ogre
  1701 | D:4      | HP: 1/47 [ogre/+0 giant club (6)]
  1704 | D:4      | Slain by an adder

Skill      XL: |  1  2  3  4  5 |
---------------+----------------+-----
Fighting       | 4 |  4.6
Shields        | 4 5 |  5.5
Armour         | 4 |  4.4
Short Blades   | 1 2 3 |  3.0
Dodging        | 1 |  1.1
Long Blades    | |  2.7

Action                   |  1- 3 |  4- 6 || total
-------------------------+-------+-------++-------
Melee: Long sword        |     9 |       ||     9
       Dagger            |    82 |    88 ||   170
       Headbutt          |    11 |    21 ||    32
  Use: Potion            |       |     6 ||     6
       Scroll            |       |     4 ||     4
  Eat: Chunk             |       |     2 ||     2
Armor: Scale mail        |    37 |    33 ||    70
Dodge: Dodged            |    25 |    32 ||    57
Block: Shield            |    54 |    46 ||   100
       Rpst.: Long sword |     1 |       ||     1
